 Dungeon Crawl Stone Soup version 0.17-a0-1945-gfe993df (webtiles) character file.

56 tp1 the Chopper (level 3, -9/23 HPs)
             Began as a Gargoyle Berserker on Sept 30, 2015.
             Was a Believer of Trog.
             Mangled by an orc warrior
             ... wielding a cursed +0 dire flail
              (18 damage)
             ... on level 2 of the Dungeon.
             The game lasted 00:06:36 (1357 turns).

tp1 the Chopper (Gargoyle Berserker)                Turns: 1357, Time: 00:06:36

Health: -9/23      AC:  8    Str: 21    XL:     3   Next: 97%
Magic:  3/3        EV: 11    Int:  7    God:    Trog [**....]
Gold:   165        SH:  0    Dex:  9    Spells: 0 memorised, 2 levels left

rFire  . . .     SeeInvis .     a - +0 hand axe
rCold  . . .     Clarity  .     j - +0 ring mail
rNeg   + . .     SustAt   .     (no shield)
rPois  ∞         Gourm    .     (no helmet)
rElec  +         Spirit   .     (no cloak)
rCorr  .         Warding  .     (no gloves)
rMut   .         Stasis   .     (no boots)
MR     .....                    (no amulet)
Stlth  ..........               (no ring)
                                (no ring)

@: not resistant to hostile enchantments, extremely unstealthy
A: negative energy resistance 1, electricity resistance, unbreathing,
petrification resistance, rot immunity, AC +3
a: Burn Spellbooks, Berserk, Trog's Hand, Renounce Religion


You were on level 2 of the Dungeon.
You worshipped Trog.
Trog was pleased with you.
You were not hungry.

You visited 1 branch of the dungeon, and saw 2 of its levels.

You collected 165 gold pieces.

Inventory:

Hand weapons
 a - a +0 hand axe (weapon)
Armour
 b - a +0 animal skin
 i - a +0 ring mail
 j - a +0 ring mail (worn)
Jewellery
 e - an uncursed amulet of regeneration {unknown}
 g - an uncursed ring of see invisible {unknown}
 o - an uncursed ring of protection from cold {unknown}
 p - an uncursed ring of protection from fire {unknown}
Scrolls
 d - a scroll of remove curse {unknown}
 f - a scroll of random uselessness {unknown}
 h - 2 scrolls of recharging {unknown}
 k - a scroll of fear {unknown}
 l - a scroll of enchant weapon {unknown}
Potions
 m - a potion of heal wounds {unknown}
Comestibles
 c - a bread ration


   Skills:
 - Level 3.5 Fighting
 + Level 3.7 Axes
 + Level 2.9 Armour
 - Level 1.6 Dodging


You had 2 spell levels left.
You didn't know any spells.

Dungeon Overview and Level Annotations

Branches:
Dungeon (2/15)

Altars:


Innate Abilities, Weirdness & Mutations

You are resistant to torment.
Your stone body is resilient (AC +3).
You are immune to poison.
You resist negative energy.
You are resistant to electric shocks.
You can survive without breathing.
You are immune to petrification.
You are immune to rotting.


Message History

Trog accepts your kill.
p - a blackened cabochon ring You are feeling hungry.
Some of the chunks of flesh in your inventory have rotted away.
Found a stone staircase leading up.
An orc warrior comes into view. It is wielding a dire flail.
The orc warrior shouts!
You barely miss the orc warrior. The orc warrior closely misses you.
You closely miss the orc warrior.
The orc warrior hits you with a dire flail!
Ouch! That really hurt!
You hit the orc warrior.
The orc warrior is lightly wounded.
The orc warrior hits you but does no damage.
Eat a chunk of flesh? (ye/n/q/i?) This raw flesh tastes terrible.
You continue eating.
The orc warrior hits you with a dire flail!!
Ouch! That really hurt!
You die...

........ #. .......#
#. ......## #.
##.....####.
.......#.##< #.#
##....#.##.
########.###.......##.
#....@o..>............
#####.###.....÷.##.###
#.# #......###.# # #.#
#.....))##.# # #.#
#.#.#.<###.# #
#.###......# #.# #
#.....#.##.###.# #
#####.#...........
#.#.##########


You could see an orc warrior.

Vanquished Creatures
  An adder (D:2)
  A worm (D:2)
  9 bats
  2 giant cockroaches
  4 hobgoblins
  3 jackals (D:1)
  3 giant newts (D:1)
  6 goblins
  4 kobolds
  8 rats
41 creatures vanquished.

Notes
Turn   | Place    | Note
--------------------------------------------------------------
     0 | D:1      | tp1 the Gargoyle Berserker began the quest for the Orb.
     0 | D:1      | Reached XP level 1. HP: 14/14 MP: 1/1
   141 | D:1      | Reached XP level 2. HP: 19/19 MP: 2/2
   837 | D:1      | Reached XP level 3. HP: 20/23 MP: 3/3
   958 | D:2      | Acquired Trog's second power
  1351 | D:2      | Noticed an orc warrior
  1357 | D:2      | Mangled by an orc warrior

Vault maps used:
D:1:      lemuel_arrival_cross
D:2:      bloody_trog

Action                   || total
-------------------------++-------
Melee: Hand axe          ||   144
Invok: Berserk           ||     1
  Eat: Chunk             ||     3
